[Event "IV Elllobregat Open Chess Tmnt"]
[Site "Sant Boi de Llobregat, Spain"]
[Date "2023.11.30"]
[Round "1.43"]
[White "Averin, Nikolay"]
[Black "Lopez Martinez, Josep Manuel"]
[Result "0-1"]
[TimeControl "90min/40moves + 15min/end + 30sec from move 1"]
[WhiteFideId "24250473"]
[BlackFideId "2212943"]
[WhiteElo "2270"]
[BlackElo "2474"]

1. e4 c5 2. Nf3 e6 3. d4 cxd4 4. Nxd4 a6 5. Nc3 Qc7 6. Qf3 Nf6 7. Qg3 d6 8. Be3 h5 9. f3 e5 10.
Nb3 Be6 11. O-O-O Nbd7 12. Kb1 Rc8 13. Qf2 Be7 14. Rd2 g6 15. Be2 b5 16. Rc1 Qb7 17. Rcd1 Rxc3 18. bxc3 Qc7 19. Bf1 O-O 20.
h3 Rb8 21. g4 a5 22. g5 Nh7 23. h4 a4 24. Nc1 Qxc3 25. Rd3 Qc7 26. Qd2 b4 27. Rxd6 b3 28. axb3 axb3 29. c4 Bxd6 30.
Qxd6 Qa5 31. Bd2 Qa7 32. Bc3 Qf2 33. Qd3 Qxh4 34. c5 Nxc5 35. Qd6 Nd7 36. Qxb8+ Nxb8 37. Rd8+ Nf8 38. Rxb8 Qh2 39.
Be2 Kg7 40. f4 Nd7 41. Rb4 Qxf4 42. Nd3 Qxg5 0-1

[Event "IV Elllobregat Open Chess Tmnt"]
[Site "Sant Boi de Llobregat, Spain"]
[Date "2023.11.30"]
[Round "1.44"]
[White "Gines Esteo, Pedro Antonio"]
[Black "Boraso, Alessio"]
[Result "1-0"]
[TimeControl "90min/40moves + 15min/end + 30sec from move 1"]
[WhiteFideId "32080190"]
[BlackFideId "848077"]
[WhiteElo "2471"]
[BlackElo "2270"]

1. Nf3 d5 2. g3 g6 3. Bg2 Bg7 4. d4 Nf6 5. O-O O-O 6. b3 c5 7. Bb2 cxd4 8. Nxd4 Nc6 9. c4 dxc4 10.
Nxc6 bxc6 11. bxc4 Qa5 12. Qc2 Qh5 13. Nd2 Rb8 14. Nb3 Bf5 15. e4 Nxe4 16. Bxg7 Nf6 17. Qc3 Kxg7 18. Rae1 Rb7 19.
Nc5 Rc7 20. Qe5 Rfc8 21. h3 Bc2 22. Qd4 Kg8 23. g4 Qh4 24.
Qd2 Bf5 25. gxf5 gxf5 26. Re5 e6 27. Rd1 Kh8 28. Qd4 Qh6 29. Re3 Rg8 30. Kh1 Rcc8 31. Qe5 Rg7 32. Rg3 Ng4 33. Qb2 Rcg8 34.
Kg1 Nxf2 35. Qxg7+ Qxg7 36. Rxg7 Nxd1 37. Rxg8+ Kxg8 38. Bxc6 Kf8 39. Na6 Ke7 40. c5 e5 41. Bb7 e4 42. c6 e3 43. Kf1 1-0

[Event "IV Elllobregat Open Chess Tmnt"]
[Site "Sant Boi de Llobregat, Spain"]
[Date "2023.11.30"]
[Round "1.45"]
[White "Assylov, Miras"]
[Black "Kaasen, Tor Fredrik"]
[Result "0-1"]
[TimeControl "90min/40moves + 15min/end + 30sec from move 1"]
[WhiteFideId "13728873"]
[BlackFideId "1516647"]
[WhiteElo "2267"]
[BlackElo "2471"]

1. e4 c5 2. Nf3 d6 3. d4 cxd4 4. Nxd4 Nf6 5. Nc3 a6 6. Be2 e6 7. Be3 Qc7 8. g4 d5 9. exd5 Bb4 10.
Bd2 Bxc3 11. Bxc3 Nxd5 12. Bd2 O-O 13. c3 Rd8 14. Bf3 e5 15. Ne2 e4 16. Bxe4 Bxg4 17. f3 Nf6 18. Qc2 Nxe4 19.
Qxe4 Qd7 20. Bg5 Bf5 21. Qd4 Re8 22. Qxd7 Nxd7 23. Kd2 Ne5 24. Nd4 Bg6 25. Rae1 f6 26. Bh4 Red8 27. Ref1 Nc4+ 28.
Kc1 Rac8 29. Rf2 Ne5 30. Kd1 Nd3 31. f4 Rxd4 0-1

[Event "IV Elllobregat Open Chess Tmnt"]
[Site "Sant Boi de Llobregat, Spain"]
[Date "2023.11.30"]
[Round "1.46"]
[White "Vaishali, Rameshbabu"]
[Black "Jacobsen, Mikkel Manosri"]
[Result "1-0"]
[TimeControl "90min/40moves + 15min/end + 30sec from move 1"]
[WhiteFideId "5091756"]
[BlackFideId "1444514"]
[WhiteElo "2467"]
[BlackElo "2261"]

1. e4 c5 2. Nf3 Nc6 3. Bb5 Nf6 4. e5 Nd5 5. Nc3 Nc7 6. Bxc6 dxc6 7. h3 g6 8. d3 Bg7 9. O-O O-O 10.
Re1 Ne6 11. Ne4 b6 12. Ng3 Nd4 13. Bf4 Qd5 14. Re4 Be6 15. Nxd4 cxd4 16. Qd2 Rfe8 17. b3 a5 18. Rae1 a4 19.
Bh6 Bh8 20. f4 axb3 21. axb3 f5 22. exf6 exf6 23. Qe2 Kf7 24. f5 Bd7 25. Re7+ Kg8 26. Rxe8+ Rxe8 27. Qxe8+ Bxe8 28. Rxe8+ Kf7 29. Rf8+ Ke7 30. Rxh8 Qe5 31.
Rxh7+ Ke8 32. Rh8+ Kd7 33. Rh7+ Ke8 34. Rh8+ Kd7 35. Kf2 g5 36. Ne4 Qxf5+ 37. Kg1 Qf4 38. Rf8 Qc1+ 39. Kh2 Qf4+ 40.
Kg1 Qc1+ 41. Kh2 Qf4+ 42. Ng3 Qd6 43. Bg7 Qe7 44. Ra8 Qe5 45. Ra1 Qc5 46. Bxf6 Qxc2 47. Ra7+ Ke6 48. Ne4 Qxd3 49. Re7+ Kd5 50. Re5# 1-0

[Event "IV Elllobregat Open Chess Tmnt"]
[Site "Sant Boi de Llobregat, Spain"]
[Date "2023.11.30"]
[Round "1.47"]
[White "Chitre, Arush"]
[Black "Fernandez Guillen, Ernesto J."]
[Result "0-1"]
[TimeControl "90min/40moves + 15min/end + 30sec from move 1"]
[WhiteFideId "25959026"]
[BlackFideId "3512428"]
[WhiteElo "2258"]
[BlackElo "2462"]

1. d4 Nf6 2. Bf4 g6 3. Nc3 Bg7 4. e4 d6 5. Qd2 c6 6. Bh6 Bxh6 7. Qxh6 Qa5 8. f3 Nbd7 9. Qd2 b5 10.
Nce2 Qxd2+ 11. Kxd2 Nb6 12. Ng3 a6 13. c3 e5 14. Bd3 h5 15. N1e2 h4 16. Nf1 Ke7 17. Ne3 Bb7 18. b3 Rad8 19.
Kc2 Rc8 20. Kb2 exd4 21. cxd4 c5 22. Rac1 Nbd7 23. Rhd1 Rhd8 24. Bb1 cxd4 25. Nxd4 h3 26. g3 Ne5 27. Bd3 Rxc1 28. Kxc1 d5 29.
exd5 Nxd5 30. Nxd5+ Rxd5 31. Be2 Rc5+ 32. Kd2 b4 33. f4 Nd7 34. Rc1 Rxc1 35. Kxc1 Nf6 36. Bf3 Bxf3 37. Nxf3 Ne4 38. Kc2 Ke6 39. Kd3 Kd5 40. Kc2 f6 41. Kd3 a5 42. Kc2 Nxg3 43. Kd3 Ne4 44. Ng1 Nf2+ 45.
Ke2 Ng4 46. Kd3 Nxh2 47. Nxh3 Ng4 48. Ng1 Nf2+ 49. Ke3 Ne4 50. Kd3 g5 51. fxg5 fxg5 52. Nh3 Ke5 53. Kc4 g4 54. Ng1 Kf4 55.
Ne2 Ke3 56. Nd4 g3 57. Nf5+ Kf2 58. Nxg3 Kxg3 59. Kd3 Kf3 60. a3 bxa3 0-1

[Event "IV Elllobregat Open Chess Tmnt"]
[Site "Sant Boi de Llobregat, Spain"]
[Date "2023.11.30"]
[Round "1.48"]
[White "Garcia Ramos, Daniel"]
[Black "Birkisson, Bardur Orn"]
[Result "1-0"]
[TimeControl "90min/40moves + 15min/end + 30sec from move 1"]
[WhiteFideId "32010311"]
[BlackFideId "2310597"]
[WhiteElo "2461"]
[BlackElo "2254"]

1. e4 c5 2. Nf3 e6 3. d4 cxd4 4. Nxd4 Nc6 5. Nc3 Qc7 6. Be3 a6 7. a3 b5 8. Nxc6 Qxc6 9. Be2 Bb7 10.
O-O Rc8 11. Qd3 Qc7 12. Rfd1 Nf6 13. Bd4 d5 14. Bxf6 dxe4 15. Nxe4 Bxe4 16. Qxe4 gxf6 17. a4 f5 18. Qd4 Rg8 19.
axb5 Bc5 20. Qa4 axb5 21. Qxb5+ Ke7 22. Qa4 Qb7 23. Qh4+ Ke8 24. Qh3 Qxb2 25. Rab1 Qxc2 26. Qxh7 Kf8 27.
Rb7 Be7 28. Bh5 Rg7 29. Qh8+ Rg8 30. Qh6+ Ke8 31. g3 Rd8 32. Bxf7+ Kxf7 33. Qh7+ Kf6 34. Qxe7+ Ke5 35. Rb5+ Kd5 1-0

[Event "IV Elllobregat Open Chess Tmnt"]
[Site "Sant Boi de Llobregat, Spain"]
[Date "2023.11.30"]
[Round "1.49"]
[White "Rakshitta, Ravi"]
[Black "Martinez Ramirez, Lennis"]
[Result "1/2-1/2"]
[TimeControl "90min/40moves + 15min/end + 30sec from move 1"]
[WhiteFideId "25073230"]
[BlackFideId "3509079"]
[WhiteElo "2245"]
[BlackElo "2461"]

1. e4 c5 2. Nf3 d6 3. d4 cxd4 4. Nxd4 Nf6 5. Nc3 a6 6. g3 e5 7. Nde2 b5 8. Bg2 h6 9. Nd5 Nxd5 10.
Qxd5 Ra7 11. Be3 Be6 12. Qd2 Rb7 13. f4 Nd7 14. f5 Bc4 15. b3 Bxe2 16. Qxe2 Be7 17. O-O O-O 18. a4 Qc7 19.
axb5 axb5 20. Ra2 Rc8 21. Rfa1 Bg5 22. Bf2 Bd8 23. Ra8 Nf6 24. R1a6 Rbb8 25. Rxb8 Rxb8 26. Qd3 Ng4 27. Rxd6 Nxf2 28.
Kxf2 Qc5+ 29. Kf3 Bb6 30. Kg4 Rc8 31. Kh3 h5 32. c3 b4 33. cxb4 Qxb4 34. Qa6 Rb8 35. Rc6 Qxb3 36. Rc8+ Rxc8 37.
Qxc8+ Kh7 38. f6 g5 39. Qf5+ Kh6 40. Bf3 Qxf3 41. Qh7+ Kxh7 1/2-1/2

[Event "IV Elllobregat Open Chess Tmnt"]
[Site "Sant Boi de Llobregat, Spain"]
[Date "2023.11.30"]
[Round "1.50"]
[White "Stoyanov, Tsvetan"]
[Black "Ruiz Buendia, Miguel"]
[Result "1-0"]
[TimeControl "90min/40moves + 15min/end + 30sec from move 1"]
[WhiteFideId "2917173"]
[BlackFideId "24537675"]
[WhiteElo "2458"]
[BlackElo "2244"]

1. c4 c6 2. Nf3 d5 3. e3 Nf6 4. Nc3 e6 5. b3 Bd6 6. Bb2 O-O 7. Be2 e5 8. cxd5 cxd5 9. Nb5 Nc6 10.
Nxd6 Qxd6 11. O-O d4 12. exd4 exd4 13. Re1 Re8 14. h3 d3 15. Bf1 Bf5 16. Rc1 Rad8 17. Rxe8+ Rxe8 18. Ne1 Rd8 19.
Rc4 b5 20. Rc1 Be4 21. Nxd3 Bxd3 22. Bxd3 Qxd3 23. Rxc6 Ne4 24. Qg4 Qb1+ 25. Bc1 h6 26. Rc8 Rxc8 27. Qxc8+ Kh7 28. d4 g6 29. Qc7 Kg7 30. d5 b4 31.
Kh2 Nxf2 32. Qe5+ Kh7 33. Bb2 f6 34. Qe7+ Kg8 35. Qe6+ Kg7 36. Qxf6+ Kh7 37. Qg7# 1-0

[Event "IV Elllobregat Open Chess Tmnt"]
[Site "Sant Boi de Llobregat, Spain"]
[Date "2023.11.30"]
[Round "1.51"]
[White "Martin Barcelo, Carles"]
[Black "Zwirs, Nico"]
[Result "0-1"]
[TimeControl "90min/40moves + 15min/end + 30sec from move 1"]
[WhiteFideId "24561444"]
[BlackFideId "1036432"]
[WhiteElo "2242"]
[BlackElo "2458"]

1. e4 c5 2. Nf3 d6 3. Bb5+ Nd7 4. Ba4 Ngf6 5. O-O e6 6. d4 cxd4 7. Qxd4 Be7 8. c4 O-O 9. Nc3 a6 10.
Rd1 Qc7 11. Bxd7 Nxd7 12. Bg5 f6 13. Be3 Rf7 14. Rac1 Bf8 15. Qd2 Rb8 16. b4 b6 17. Na4 Bb7 18. Nd4 Bxe4 19. Nxe6 Qc6 20.
Nc3 Bxg2 21. Nd5 Bh3 22. Nd4 Qc8 23. f4 f5 24. Nf3 h6 25. Bd4 Bg4 26. Qg2 Qb7 27. h3 Bh5 28. Ba1 b5 29.
cxb5 Qxb5 30. Rc7 Re8 31. a4 Qe2 32. Re1 Qxg2+ 33. Kxg2 Bxf3+ 34. Kf2 Rxe1 35. Kxe1 Bxd5 36. b5 axb5 37.
axb5 Nc5 38. Rc8 Re7+ 39. Kf1 Bc4+ 40. Kf2 Bxb5 0-1

[Event "IV Elllobregat Open Chess Tmnt"]
[Site "Sant Boi de Llobregat, Spain"]
[Date "2023.11.30"]
[Round "1.52"]
[White "Koelle, Tobias"]
[Black "Saya, Ethan"]
[Result "1-0"]
[TimeControl "90min/40moves + 15min/end + 30sec from move 1"]
[WhiteFideId "16207378"]
[BlackFideId "26095181"]
[WhiteElo "2453"]
[BlackElo "2242"]

1. d4 d5 2. Nf3 Nf6 3. Bf4 e6 4. Nbd2 c5 5. e3 Bd6 6. dxc5 Bxf4 7. exf4 Qc7 8. g3 Qxc5 9. Bd3 O-O 10.
O-O b6 11. Qe2 a5 12. Nb3 Qc7 13. Nbd4 Ba6 14. Rac1 Rc8 15. Bxa6 Nxa6 16. f5 exf5 17. Nxf5 Re8 18. Qd2 h6 19.
N3d4 Ne4 20. Qd1 Qe5 21. c3 Nac5 22. Rc2 Ne6 23. Re2 Nxd4 24. Nxd4 Qd6 25. Rfe1 Nf6 26. Rxe8+ Rxe8 27. Rxe8+ Nxe8 28.
Nf5 Qe6 29. Qxd5 Qe1+ 30. Kg2 Nf6 31. Qd8+ Kh7 32. Qd3 Ne4 33. Qd4 f6 34. Qxb6 Nd2 35. Ne3 Ne4 36. Nf1 Qe2 37. Qe3 Qc2 38.
Qf4 a4 39. Ne3 Qd3 40. Qf5+ Kh8 41. Qd5 Qb1 42. Qa8+ Kh7 43. Qxa4 Nd2 44. Qc2+ 1-0

[Event "IV Elllobregat Open Chess Tmnt"]
[Site "Sant Boi de Llobregat, Spain"]
[Date "2023.11.30"]
[Round "1.53"]
[White "Selbes, Tamer Tarik"]
[Black "Morris, James"]
[Result "1-0"]
[TimeControl "90min/40moves + 15min/end + 30sec from move 1"]
[WhiteFideId "6302513"]
[BlackFideId "3205800"]
[WhiteElo "2238"]
[BlackElo "2453"]

1. e4 c5 2. Nf3 d6 3. Bb5+ Nd7 4. O-O Ngf6 5. Re1 a6 6. Bf1 b5 7. a4 Bb7 8. axb5 axb5 9. Rxa8 Qxa8 10.
Na3 b4 11. Nb5 Qb8 12. d4 e5 13. d5 Be7 14. Nh4 g6 15. Bh6 Nxd5 16. Nf3 N5f6 17. Ng5 Bc6 18. Qd3 Bxb5 19. Qb3 d5 20.
exd5 Bxf1 21. Rxf1 Qd6 22. Ra1 Nb6 23. Bg7 Rg8 24. Bxf6 Qxf6 25. Ne4 Qf4 26. Qd3 c4 27. Qe2 Kf8 28.
g3 Qf5 29. Ra6 Bd8 30. Ra7 Nc8 31. g4 Qf4 32. Ra8 Kg7 33. Rxc8 b3 34. c3 f5 35. Nc5 Qc1+ 36. Kg2 Bf6 37. Ne6+ Kh8 38. Qxc4 Be7 39. Qc7 Qd1 40. Qxe5+ 1-0

[Event "IV Elllobregat Open Chess Tmnt"]
[Site "Sant Boi de Llobregat, Spain"]
[Date "2023.11.30"]
[Round "1.54"]
[White "Rozen, Eytan"]
[Black "Pipiras, Filipa Fortuna"]
[Result "1-0"]
[TimeControl "90min/40moves + 15min/end + 30sec from move 1"]
[WhiteFideId "2816750"]
[BlackFideId "1944894"]
[WhiteElo "2451"]
[BlackElo "2237"]

1. e4 c5 2. Nf3 e6 3. c3 Nf6 4. e5 Nd5 5. a3 d6 6. d4 cxd4 7. c4 Nc7 8. Qxd4 Nc6 9. Qc3 dxe5 10.
Nxe5 Nd4 11. Nd2 Be7 12. Ndf3 Nxf3+ 13. Nxf3 Bf6 14. Qc2 O-O 15. Bd3 g6 16. Bh6 Re8 17. O-O-O Qe7 18. h4 e5 19.
Be4 Bg7 20. Bxg7 Kxg7 21. h5 f5 22. hxg6 hxg6 23. Bd5 Nxd5 24. Rxd5 Be6 25. Rxe5 Rac8 26. Rxe6 Qxe6 27. Qc3+ Kf8 28.
Rh8+ Ke7 29. Rh7+ Kd6 30. Qd2+ Kc5 31. Qb4+ 1-0

[Event "IV Elllobregat Open Chess Tmnt"]
[Site "Sant Boi de Llobregat, Spain"]
[Date "2023.11.30"]
[Round "1.55"]
[White "Nurgaliyev, Sauat"]
[Black "Escobar Forero, Alder"]
[Result "1/2-1/2"]
[TimeControl "90min/40moves + 15min/end + 30sec from move 1"]
[WhiteFideId "13726285"]
[BlackFideId "4400801"]
[WhiteElo "2235"]
[BlackElo "2450"]

1. e4 c5 2. Nf3 a6 3. c3 d5 4. exd5 Qxd5 5. d4 e6 6. Be3 Nd7 7. c4 Qd6 8. Nc3 Ngf6 9. h3 cxd4 10. Bxd4 Be7 11. Be2 O-O 12. O-O b6 13. Qc2 Bb7 14. Rad1 Qc6 15. Rfe1 Rac8 16. Nh4 Ba8 17. b3 b5 18. Bf3 Qc7 19. Bxa8 Rxa8 20. Nf5 Bb4 21. Ne3 Qa5 22. f4 Rfc8 23. Rf1 Bc5 24. Bxc5 Rxc5 25. Ne4 Rc7 26. Qd2 Qxd2 27. Nxf6+ Nxf6 28. Rxd2 Ne4 29. Rd4 f5 30. Rfd1 Kf8 31. g4 g6 32. Rd8+ Rxd8 33. Rxd8+ Ke7 34. Ra8 Rd7 35. Rxa6 Rd3 36. Nf1 bxc4 37. bxc4 Rxh3 38. gxf5 gxf5 39. a4 Nc5 40. Ra7+ Kd6 41. Kg2 Rc3 42. a5 Rxc4 43. Kf3 Nd3 44. Nd2 Ra4 45. Rxh7 Nxf4 46. a6 Nd5 47. Rh8 Rxa6 48. Nc4+ Kc5 49. Rc8+ Kd4 50. Nd2 Ra3+ 51. Kf2 Ra2 52. Ke1 Kd3 53. Nb3 Re2+ 54. Kf1 Ne3+ 55. Kg1 Rg2+ 56. Kh1 Rg6 57. Re8 Ke4 58. Nc5+ Ke5 59. Nd3+ Kf6 60. Nf4 Kf7 61. Ra8 Rg4 62. Nxe6 Kxe6 63. Re8+ Kd5 64. Rxe3 f4 65. Ra3 Rg8 66. Ra5+ Ke4 67. Ra4+ Kf3 68. Ra3+ Kg4 69. Kg2 Rb8 70. Ra2 Rb3 71. Kf2 Rf3+ 72. Kg2 Rc3 73. Kf2 Rh3 74. Kg2 f3+ 75.
Kg1 Kg3 76. Rg2+ Kf4 77. Ra2 Rh8 78. Ra7 Re8 79. Rf7+ Ke3 80. Kf1 Re4 81. Rf8 f2 82. Rxf2 Rf4 83. Rxf4 Kxf4 84. Kg2 Ke5 1/2-1/2

[ePGN "0.1;DGT LiveChess/2.2.6"]

[Event "IV Elllobregat Open Chess Tmnt"]
[Site "Sant Boi de Llobregat, Spain"]
[Date "2023.12.01"]
[Round "2.1"]
[White "Fedoseev, Vladimir"]
[Black "Trost, Edvin"]
[Result "1-0"]
[TimeControl "90min/40moves + 15min/end + 30sec from move 1"]
[WhiteFideId "24130737"]
[BlackFideId "1729519"]
[WhiteElo "2675"]
[BlackElo "2440"]

1. d4 d5 2. Nf3 Nf6 3. c4 e6 4. cxd5 exd5 5. Qc2 c6 6. Bg5 Be7 7. e3 Ne4 8. Bxe7 Qxe7 9. Bd3 Nd7 10.
Nc3 Nd6 11. O-O g6 12. b4 a6 13. a4 Nb6 14. b5 Nbc4 15. bxc6 bxc6 16. e4 dxe4 17. Nxe4 O-O 18. Rfe1 Na5 19.
Qc5 Nab7 20. Qxc6 Qd8 21. Rab1 Ra7 22. Ne5 Nxe4 23. Qxe4 Nd6 24. Qf4 Rc7 25. Rbc1 Bb7 26. h4 h5 27.
Rc5 Re8 28. Re3 Rce7 29. Rg3 Re6 30. Nxg6 fxg6 31. Bxg6 Rf6 32. Bxe8+ Kf8 33. Qg5 Kxe8 34. Qg8+ Ke7 35. Re5+ Kd7 36.
Rg7+ Kc8 37. Rc5+ 1-0

[Event "IV Elllobregat Open Chess Tmnt"]
[Site "Sant Boi de Llobregat, Spain"]
[Date "2023.12.01"]
[Round "2.2"]
[White "Heimann, Mark"]
[Black "Alekseenko, Kirill"]
[Result "0-1"]
[TimeControl "90min/40moves + 15min/end + 30sec from move 1"]
[WhiteFideId "2028441"]
[BlackFideId "4135539"]
[WhiteElo "2440"]
[BlackElo "2670"]

1. d4 Nf6 2. c4 e6 3. Nc3 Bb4 4. Qc2 d5 5. a3 Bxc3+ 6. Qxc3 O-O 7. Nf3 Nbd7 8. e3 dxc4 9. Bxc4 b6 10.
O-O Bb7 11. Be2 c5 12. b4 cxb4 13. Qxb4 a5 14. Qb2 Qb8 15. h3 Qa7 16. a4 Rfc8 17. Bd2 Ba6 18. Bb5 Bxb5 19. Qxb5 Qb7 20.
Rfc1 Ne4 21. Rab1 Nd6 22. Qb3 Rxc1+ 23. Bxc1 Rc8 24. Nd2 Ne4 25. Nxe4 Qxe4 26. Ba3 h6 27. Qb5 Rc3 28. Be7 f6 29. Rb3 Rc1+ 30. Kh2 Qc6 31.
e4 Qxb5 32. Rxb5 Rc4 33. d5 e5 34. Bd8 Rb4 35. Be7 Rxe4 36. Rb2 Rxa4 37. Rc2 Rd4 38. d6 Kf7 39. Rc8 a4 40. Rd8 Ke6 41.
Re8 a3 42. Bd8+ Kd5 0-1

[Event "IV Elllobregat Open Chess Tmnt"]
[Site "Sant Boi de Llobregat, Spain"]
[Date "2023.12.01"]
[Round "2.3"]
[White "Narayanan, SL"]
[Black "Movsziszian, Karen"]
[Result "1-0"]
[TimeControl "90min/40moves + 15min/end + 30sec from move 1"]
[WhiteFideId "5058422"]
[BlackFideId "13301152"]
[WhiteElo "2668"]
[BlackElo "2435"]

1. e4 d6 2. d4 Nf6 3. Nc3 e5 4. Nf3 Nbd7 5. Bc4 Be7 6. O-O O-O 7. a4 c6 8. h3 h6 9. Ba2 Re8 10.
Be3 exd4 11. Bxd4 Nf8 12. Re1 Be6 13. Bxe6 Nxe6 14. Be3 Qc7 15. a5 b5 16. axb6 axb6 17. Rxa8 Rxa8 18. Nh4 b5 19.
Nf5 b4 20. Nd5 cxd5 21. exd5 Ra5 22. Nxe7+ Qxe7 23. dxe6 fxe6 24. Qd4 Nd5 25. Bd2 Rb5 26. Qg4 Kf7 27. Qh5+ Kf8 28. Qg6 Nf6 29.
Ra1 Rb8 30. Be3 Nd5 31. Qh7 Nf6 32. Qd3 Rc8 33. Ra4 Nd5 34. Qh7 Qf7 35. Ra7 Qg8 36. Qe4 Re8 37. Qf3+ Nf6 38. Bxh6 1-0

[Event "IV Elllobregat Open Chess Tmnt"]
[Site "Sant Boi de Llobregat, Spain"]
[Date "2023.12.01"]
[Round "2.4"]
[White "Johansson, Linus"]
[Black "Pichot, Alan"]
[Result "0-1"]
[TimeControl "90min/40moves + 15min/end + 30sec from move 1"]
[WhiteFideId "1711113"]
[BlackFideId "110973"]
[WhiteElo "2439"]
[BlackElo "2650"]

1. d4 Nf6 2. c4 e6 3. Bf4 d5 4. cxd5 exd5 5. e3 Bd6 6. Bxd6 Qxd6 7. Bd3 O-O 8. Nc3 c6 9. h3 Re8 10.
Qc2 Nbd7 11. Nf3 g6 12. O-O Nf8 13. Rfb1 Ne6 14. b4 a5 15. Qa4 b5 16. Qb3 a4 17. Qc2 Ng7 18. a3 Bf5 19.
Re1 Bxd3 20. Qxd3 Ne4 21. Rac1 f6 22. Qb1 Nf5 23. Nxe4 Rxe4 24. Rc5 Rf8 25. Qc2 Ne7 26. Rc1 g5 27.
Rxc6 Nxc6 28. Qxc6 Qxc6 29. Rxc6 Ree8 30. Rc5 Rc8 31. Kf1 Kf7 32. Ke2 Ke6 33. Kd2 Rb8 34. Ng1 h5 35. Ne2 Rfc8 36.
Nc3 Rxc5 37. dxc5 h4 38. Ne2 f5 39. Kd3 Kd7 40. Nd4 g4 41. Ke2 Rg8 42. Kf1 Rf8 43. Nxb5 f4 44. exf4 g3 45.
f3 Rxf4 46. Ke2 Rc4 47. Kd2 d4 48. Na7 Kc7 49. Nb5+ Kd7 50. Na7 Rc3 51. c6+ Kd8 52. Nb5 Rxf3 53. Nxd4 Rf2+ 54. Kc3 Rxg2 55.
b5 Rg1 56. b6 Rb1 57. Ne6+ Kc8 58. b7+ Kb8 59. Nf4 Rc1+ 0-1

[Event "IV Elllobregat Open Chess Tmnt"]
[Site "Sant Boi de Llobregat, Spain"]
[Date "2023.12.01"]
[Round "2.5"]
[White "Aravindh, Chithambaram Vr."]
[Black "Proudian, Armen"]
[Result "1-0"]
[TimeControl "90min/40moves + 15min/end + 30sec from move 1"]
[WhiteFideId "5072786"]
[BlackFideId "2130734"]
[WhiteElo "2638"]
[BlackElo "2428"]

1. e4 e5 2. Nf3 Nc6 3. Bb5 a6 4. Ba4 d6 5. Bxc6+ bxc6 6. d4 exd4 7. Qxd4 Nf6 8. O-O Be7 9.
e5 c5 10. Qd3 dxe5 11. Qxd8+ Bxd8 12. Nxe5 Nd5 13. Na3 O-O 14. Bd2 Bf6 15. Rfe1 Re8 16. Nac4 Bf5 17. c3 h5 18. h3 Nb6 19. Bf4 g5 20.
Bh2 Be6 21. Nd2 Bd5 22. Nb3 Na4 23. Nd7 Bg7 24. Bxc7 Bxb3 25. axb3 Nxb2 26. Ba5 c4 27. Reb1 Nd3 28. bxc4 Ra7 29.
Nb6 Rc7 30. Rd1 Nb2 31. Rd5 Nxc4 32. Rxg5 Re5 33. Rxe5 Bxe5 34. Nxc4 Rxc4 35. Kf1 Rc5 36. Ra3 Kh7 37. Bb4 Rc6 38.
Ke2 Kg6 39. Kd3 Kf5 40. Ra5 Rg6 41. g3 h4 42. gxh4 Rh6 43. Be7 f6 44. Ra4 Rh7 45. Bc5 Rd7+ 46. Bd4 Kf4 47. Rxa6 Kf3 48.
h5 Kf4 49. Ra7 Rd8 50. h6 1-0

[Event "IV Elllobregat Open Chess Tmnt"]
[Site "Sant Boi de Llobregat, Spain"]
[Date "2023.12.01"]
[Round "2.6"]
[White "Ter-Sahakyan, Samvel"]
[Black "Vantika, Agrawal"]
[Result "1-0"]
[TimeControl "90min/40moves + 15min/end + 30sec from move 1"]
[WhiteFideId "13302531"]
[BlackFideId "25050389"]
[WhiteElo "2618"]
[BlackElo "2421"]

1. d4 Nf6 2. c4 e6 3. Bf4 Bb4+ 4. Nd2 d5 5. cxd5 exd5 6. a3 Bd6 7. Bxd6 Qxd6 8. e3 O-O 9. Bd3 c6 10.
h3 Nbd7 11. Qf3 c5 12. Ne2 Re8 13. O-O c4 14. Bc2 b5 15. Nc3 a6 16. e4 dxe4 17. Ndxe4 Nxe4 18. Nxe4 Qd5 19. Rfe1 Bb7 20.
Qg3 Qxd4 21. Nd6 Rxe1+ 22. Rxe1 Qd2 23. Re7 Qxc2 24. Rxd7 Bc6 25. Rxf7 Qg6 26. Qxg6 hxg6 27. Rc7 Bd5 28.
Nc8 Be6 29. Ne7+ Kf7 30. Nd5+ Kf8 31. Nc3 Bf5 32. g4 Bd3 33. Kg2 g5 34. Kg3 Rd8 35. Rc6 Bh7 36. Rxa6 Rd2 37. Rb6 Rxb2 38.
Rxb5 Rc2 39. Nd5 Ra2 40. Ra5 Rd2 41. Rc5 Rd3+ 42. Ne3 Rxa3 43. Rxc4 Kf7 44. h4 gxh4+ 45. Kxh4 Bd3 46. Rc7+ Kf8 47.
f4 Be4 48. Nf1 Bd3 49. Nd2 Ra5 50. Nf3 Ra4 51. Ne5 Bb1 52. Rc8+ Ke7 53. Kg5 Ba2 54. Rc7+ Kf8 55. Ng6+ Kg8 56.
Rc8+ Kf7 57. f5 1-0

[Event "IV Elllobregat Open Chess Tmnt"]
[Site "Sant Boi de Llobregat, Spain"]
[Date "2023.12.01"]
[Round "2.7"]
[White "Sethuraman, S.P."]
[Black "Golubka, Petro"]
[Result "1-0"]
[TimeControl "90min/40moves + 15min/end + 30sec from move 1"]
[WhiteFideId "5021596"]
[BlackFideId "14114224"]
[WhiteElo "2603"]
[BlackElo "2419"]

1. e4 c5 2. Nf3 e6 3. d4 cxd4 4. Nxd4 a6 5. a3 Nc6 6. Nc3 d5 7. exd5 exd5 8. Be3 Nf6 9. h3 Bd6 10.
Qd2 O-O 11. O-O-O Be6 12. g4 Rc8 13. g5 Nxd4 14. Qxd4 Bc5 15. Qf4 Nh5 16. Qf3 g6 17. Bxc5 Rxc5 18. h4 Qc7 19. Qe3 Ng7 20.
Bh3 b5 21. h5 gxh5 22. Kb1 a5 23. Rd4 b4 24. axb4 axb4 25. Rxb4 Ra8 26. Bxe6 fxe6 27. Rhh4 e5 28. Nb5 Qc6 29.
Qb3 Kh8 30. Nc3 d4 31. Na2 Qe8 32. Nc1 Rca5 33. c4 e4 34. Kc2 Rxg5 35. Rb5 h6 36. Rf4 Rc8 37. Rb6 Rgc5 38. Rxh6+ Kg8 39.
Kb1 d3 40. Na2 Qe5 41. Rff6 Rd8 42. Nc3 d2 43. Nd1 Rb8 44. Rb6 Rxb6 45. Qxb6 e3 46. Qd8+ Kf7 47. Nxe3 Rxc4 48. Nxc4 1-0

[Event "IV Elllobregat Open Chess Tmnt"]
[Site "Sant Boi de Llobregat, Spain"]
[Date "2023.12.01"]
[Round "2.8"]
[White "Malek, Jan"]
[Black "Yuffa, Daniil"]
[Result "0-1"]
[TimeControl "90min/40moves + 15min/end + 30sec from move 1"]
[WhiteFideId "21864080"]
[BlackFideId "24131423"]
[WhiteElo "2434"]
[BlackElo "2600"]

1. d4 d5 2. c4 c6 3. Nc3 Nf6 4. e3 a6 5. Nf3 b5 6. b3 Bg4 7. a4 bxc4 8. bxc4 Nbd7 9. h3 Bxf3 10.
Qxf3 e5 11. c5 g6 12. Be2 Bg7 13. O-O O-O 14. Rd1 Re8 15. a5 Ra7 16. Ra2 h5 17. Qg3 Nh7 18. Ra3 Nhf8 19. f4 exd4 20.
exd4 Ne6 21. Qf2 Qf6 22. Be3 Nc7 23. Na2 Rb7 24. Bd3 Qe7 25. Bd2 Ne6 26. Bc3 Nf6 27. Kh1 Ne4 28. Bxe4 dxe4 29.
Nb4 Nxd4 30. Rxd4 e3 31. Qe1 Qxc5 32.
Rd3 Bxc3 33. Raxc3 Qxb4 34. Rxe3 Rxe3 35. Rxe3 Qxe1+ 36. Rxe1 Rb5 37. Re8+ Kg7 38. Rc8 c5 39. g3 Rxa5 40. Rc6 Kf8 41. Kg2 Ke7 42. g4 h4 43. g5 Ra3 44. Rxc5 a5 45.
Rc7+ Ke6 46. Rc6+ Kd5 47. Rf6 Rg3+ 48. Kh2 a4 49. Rxf7 a3 50. Rf6 Rb3 51. Kg2 Ke4 52. Re6+ Kxf4 53.
Rf6+ Kxg5 54. Rf8 Rb2+ 0-1

[Event "IV Elllobregat Open Chess Tmnt"]
[Site "Sant Boi de Llobregat, Spain"]
[Date "2023.12.01"]
[Round "2.9"]
[White "Injac, Teodora"]
[Black "Kozak, Adam"]
[Result "0-1"]
[TimeControl "90min/40moves + 15min/end + 30sec from move 1"]
[WhiteFideId "932400"]
[BlackFideId "753246"]
[WhiteElo "2431"]
[BlackElo "2578"]

1. Nf3 c5 2. c4 Nc6 3. Nc3 g6 4. e3 Bg7 5. d4 d6 6. Be2 e6 7. O-O cxd4 8. exd4 d5 9. cxd5 exd5 10.
Bb5 Nge7 11. Bxc6+ bxc6 12. h3 O-O 13. Na4 Qd6 14. Re1 Nf5 15. a3 Qc7 16. Bd2 a5 17. Rc1 Ba6 18. Nc5 Nxd4 19.
Nxd4 Bxd4 20. Nxa6 Qb6 21. Nc7 Bxf2+ 22. Kh1 Qxc7 23. Re2 Bg3 24. Bc3 f6 25. Re6 Rae8 26. Qe2 Qd7 27. Rxe8 Rxe8 28.
Qc2 Bc7 0-1